 Dungeon Crawl Stone Soup version 0.27-a0-334-g52645efa06 (webtiles) character file.

Game seed: 2758204583686577031

637 sahdkjhfkaj the Shield-Bearer (level 7, -8/60 HPs)
             Began as a Gnoll Fighter on Feb 13, 2021.
             Engulfed by a cloud of flame (25 damage)
             ... on level 5 of the Dungeon.
             The game lasted 00:04:18 (4126 turns).

sahdkjhfkaj the Shield-Bearer (Gnoll Fighter)       Turns: 4126, Time: 00:04:18

Health: -8/60      AC: 20    Str: 15    XL:     7   Next: 50%
Magic:  10/10      EV:  6    Int: 10    God:
Gold:   263        SH: 10    Dex: 11    Spells: 11/11 levels left

rFire    . . .     SeeInvis .   a - +7 morningstar (protect)
rCold    . . .     Faith    .   c - +0 kite shield
rNeg     + . .     Spirit   .   d - +0 chain mail
rPois    .         Reflect  .   (no helmet)
rElec    .         Harm     .   q - +0 cloak
rCorr    .         Rampage  .   i - +0 pair of gloves
Will     .....                  (no boots)
Stlth    ..........             h - amulet of magic regeneration
HPRegen  0.20/turn              n - ring of positive energy
MPRegen  0.37/turn              (no ring)

@: protection aura
A: distributed training, fangs 1, strong nose
a: no special abilities


You were on level 5 of the Dungeon.
You visited 1 branch of the dungeon, and saw 5 of its levels.

You collected 263 gold pieces.

Inventory:

Hand Weapons
 a - a +7 morningstar of protection (weapon)
Armour
 c - a +0 kite shield (worn)
 d - a +0 chain mail (worn)
 i - a +0 pair of gloves (worn)
 q - a +0 cloak (worn)
Jewellery
 f - a ring of fire {unknown}
 g - a ring of resist corrosion {unknown}
 h - an amulet of magic regeneration (around neck)
 n - a ring of positive energy (left hand)
 r - a ring of poison resistance {unknown}
Scrolls
 b - a scroll of fog
 e - 2 scrolls of fear
 j - a scroll of amnesia
 o - 2 scrolls of enchant armour
Potions
 k - 2 potions of ambrosia


   Skills:
 + Level 7.0 Fighting
 + Level 2.5 Short Blades
 + Level 2.5 Long Blades
 + Level 5.2 Axes
 + Level 2.5 Maces & Flails
 + Level 2.5 Polearms
 + Level 2.5 Staves
 + Level 2.5 Slings
 + Level 2.5 Bows
 + Level 2.5 Crossbows
 + Level 2.5 Throwing
 + Level 7.0 Armour
 + Level 2.5 Dodging
 + Level 2.5 Stealth
 + Level 7.0 Shields
 + Level 2.5 Unarmed Combat
 + Level 2.5 Spellcasting
 + Level 2.0 Conjurations
 + Level 2.0 Hexes
 + Level 2.0 Summonings
 + Level 2.0 Necromancy
 + Level 2.0 Translocations
 + Level 2.0 Transmutations
 + Level 2.0 Fire Magic
 + Level 2.0 Ice Magic
 + Level 2.0 Air Magic
 + Level 2.0 Earth Magic
 + Level 2.0 Poison Magic
 + Level 2.8 Invocations
 + Level 2.5 Evocations


You had 11 spell levels left.
You didn't know any spells.
Your spell library was empty.

Dungeon Overview and Level Annotations

Branches:
Dungeon (5/15)
 Temple: D:4-7

Altars:
Dithmenos
Fedhas
Uskayaw


Innate Abilities, Weirdness & Mutations

Your experience applies equally to all skills.
You have very sharp teeth.
Your uncanny sense of smell can sniff out nearby items.


Message History

A quokka zombie comes into view.
A sky beast comes into view.
Unknown command.
As you read the scroll labelled VIOTTOU IDWA, it crumbles to dust.
The creatures around you are filled with an inner flame!
It was a scroll of immolation.
An orc comes into view.
The orc shouts!
You hear a shout!
Found 18 stones and a hunting sling.
Your surroundings suddenly seem different.
An orc comes into view. It is wielding a +0 mace.
The orc shouts!
An orc comes into view. It is wielding a +0 mace.
Found a pair of gloves.
You barely miss the quokka zombie.
An orc comes into view. It is wielding a +0 trident.
The orc shouts!
You thump the orc!
Your weapon exudes an aura of protection.
The orc explodes!
The fiery explosion engulfs you!!
Ouch! That really hurt!
The fiery explosion engulfs the quokka zombie!!!
The quokka zombie explodes!
The fiery explosion engulfs the withered plant!!
The withered plant begins to crumble.
The withered plant is lightly damaged.
The fiery explosion engulfs the orc!!
The orc explodes!
The fiery explosion engulfs the withered plant!!
The withered plant is moderately damaged.
You are engulfed in blazing flames.
You hear an angry hiss.
You hear a shout!
The withered plant is engulfed in blazing flames.
You aren't carrying any items that you can evoke.
You are engulfed in blazing flames.
* * * LOW HITPOINT WARNING * * *
The withered plant is engulfed in blazing flames.
The withered plant crumbles away.
You are engulfed in blazing flames.
You die...

.#.## #######
.....[### #.....#
#.8§@# #.....###
.....o§§###.......#
###.Po§§§.......#
......o§§§...<..#
.##.#o.§Y#..#.###
#.#..#.#.....# #
... ..)..#.#
.#..........#
......Y....


You could see a sky beast (inner flame) and 4 orcs.

Vanquished Creatures
  An orc warrior (D:3)
  A centaur (D:4)
  2 hounds (D:4)
  Crazy Yiuf (D:2)
  3 orc priests (D:4)
  Terence (D:2)
  2 orc wizards (D:4)
  A worker ant (D:4)
  A hound skeleton (D:4)
  6 adders
  An ooze (D:2)
  4 dart slugs
  2 worms (D:2)
  3 leopard geckos
  21 orcs
  6 bats (D:1)
  A giant cockroach (D:4)
  8 goblins
  8 hobgoblins
  8 kobolds
  4 quokkas
  4 frilled lizards
  A jackal skeleton (D:4)
  A quokka zombie (D:5)
  7 rats
98 creatures vanquished.

Vanquished Creatures (others)
  A withered plant (D:5)
1 creature vanquished.

Grand Total: 99 creatures vanquished

Notes
Turn   | Place    | Note
-------+----------+-------------------------------------------
     0 | D:1      | sahdkjhfkaj the Gnoll Fighter began the quest for the Orb.
     0 | D:1      | Reached XP level 1. HP: 23/23 MP: 1/1
   107 | D:1      | Reached XP level 2. HP: 28/29 MP: 2/2
   427 | D:1      | Reached XP level 3. HP: 33/35 MP: 3/3
   922 | D:2      | Found a runed translucent door.
   923 | D:2      | Noticed Crazy Yiuf
  1028 | D:2      | Noticed Terence
  1041 | D:2      | Killed Terence
  1042 | D:2      | Reached skill level 1 in Short Blades
  1042 | D:2      | Reached skill level 1 in Long Blades
  1042 | D:2      | Reached skill level 1 in Maces & Flails
  1042 | D:2      | Reached skill level 1 in Polearms
  1042 | D:2      | Reached skill level 1 in Staves
  1042 | D:2      | Reached skill level 1 in Slings
  1042 | D:2      | Reached skill level 1 in Bows
  1042 | D:2      | Reached skill level 1 in Crossbows
  1042 | D:2      | Reached skill level 1 in Throwing
  1042 | D:2      | Reached skill level 1 in Dodging
  1042 | D:2      | Reached skill level 1 in Stealth
  1042 | D:2      | Reached skill level 1 in Unarmed Combat
  1042 | D:2      | Reached skill level 1 in Spellcasting
  1042 | D:2      | Reached skill level 1 in Invocations
  1042 | D:2      | Reached skill level 1 in Evocations
  1128 | D:2      | Reached XP level 4. HP: 40/41 MP: 5/5
  1368 | D:2      | Reached skill level 1 in Conjurations
  1368 | D:2      | Reached skill level 1 in Hexes
  1368 | D:2      | Reached skill level 1 in Summonings
  1368 | D:2      | Reached skill level 1 in Necromancy
  1368 | D:2      | Reached skill level 1 in Translocations
  1368 | D:2      | Reached skill level 1 in Transmutations
  1368 | D:2      | Reached skill level 1 in Fire Magic
  1368 | D:2      | Reached skill level 1 in Ice Magic
  1368 | D:2      | Reached skill level 1 in Air Magic
  1368 | D:2      | Reached skill level 1 in Earth Magic
  1368 | D:2      | Reached skill level 1 in Poison Magic
  1507 | D:2      | Found a blossoming altar of Fedhas.
  1706 | D:2      | Reached XP level 5. HP: 45/47 MP: 6/6
  2021 | D:2      | Killed Crazy Yiuf
  3008 | D:4      | Reached XP level 6. HP: 49/53 MP: 8/8
  3139 | D:4      | Found a shadowy altar of Dithmenos.
  3149 | D:4      | Reached skill level 5 in Axes
  3344 | D:4      | Noticed an orc warrior
  3374 | D:3      | Killed an orc warrior
  3375 | D:3      | Reached XP level 7. HP: 36/59 MP: 10/10
  3749 | D:4      | Found a hide-covered altar of Uskayaw.
  4118 | D:5      | Entered Level 5 of the Dungeon
  4126 | D:5      | Engulfed by a cloud of flame

Illustrated notes

Levels and vault maps discovered:
D:1:      dpeg_arrival_signposts, layout_rooms, minmay_split_cup_large
D:2:      minmay_razor_zed, layout_loops_ring, old_standard_altar, uniq_terence,
          uniq_crazy_yiuf_cottage
D:3:      layout_basic
D:4:      layout_loops_ring, kennysheep_little_box,
          amcnicky_mini_rare_corridor_liquid, nicolae_dithmenos_shadow_blocks
D:5:      layout_loops_cross, serial_undead, serial_undead_c, serial_undead_f,
          serial_undead_b, serial_undead_a, serial_undead_e, serial_undead_a

Skill      XL: |  1  2  3  4  5  6  7 |
---------------+----------------------+-----
Short Blades   | 1 2 |  2.5
Long Blades    | 1 2 |  2.5
Maces & Flails | 1 2 |  2.5
Polearms       | 1 2 |  2.5
Staves         | 1 2 |  2.5
Slings         | 1 2 |  2.5
Bows           | 1 2 |  2.5
Crossbows      | 1 2 |  2.5
Throwing       | 1 2 |  2.5
Dodging        | 1 2 |  2.5
Stealth        | 1 2 |  2.5
Unarmed Combat | 1 2 |  2.5
Spellcasting   | 1 2 |  2.5
Invocations    | 1 2 |  2.8
Evocations     | 1 2 |  2.5
Conjurations   | 1 2 |  2.0
Hexes          | 1 2 |  2.0
Summonings     | 1 2 |  2.0
Necromancy     | 1 2 |  2.0
Translocations | 1 2 |  2.0
Transmutations | 1 2 |  2.0
Fire Magic     | 1 2 |  2.0
Ice Magic      | 1 2 |  2.0
Air Magic      | 1 2 |  2.0
Earth Magic    | 1 2 |  2.0
Poison Magic   | 1 2 |  2.0
Axes           | 5 |  5.2
Fighting       | 7 |  7.0
Armour         | 7 |  7.0
Shields        | 7 |  7.0

Action                   |  1- 3 |  4- 6 |  7- 9 || total
-------------------------+-------+-------+-------++-------
Melee: War axe           |    77 |       |       ||    77
       Bite              |     8 |     6 |     2 ||    16
       Morningstar       |     7 |   151 |    33 ||   191
  Use: Potion            |     3 |     3 |       ||     6
       Scroll            |       |     4 |     6 ||    10
Armor: Scale mail        |    23 |       |       ||    23
       Chain mail        |     3 |    94 |    16 ||   113
       Skin              |       |     4 |       ||     4
Dodge: Dodged            |    29 |    25 |    12 ||    66
Block: Kite shield       |    41 |    77 |    23 ||   141

Table legend: (Time is in decaauts)
 A = Elapsed time spent in this place.
 B = Non-inter-level travel time spent in this place.
 C = Inter-level travel time spent in this place.
 D = Time resting spent in this place.
 E = Time spent auto-exploring this place.
 F = Levels seen in this place.
 G = Mean time per level.
                   A        B        C        D        E       F      G
               +--------+--------+--------+--------+--------+-----+--------+
         Total |   4271 |   4100 |    171 |     90 |   3326 |   5 |  854.2 |
       Dungeon |   4271 |   4100 |    171 |     90 |   3326 |   5 |  854.2 |
               +--------+--------+--------+--------+--------+-----+--------+

Top non-repeatable levels by time:
     D:2: 1452 daAuts
     D:4: 1124 daAuts
     D:3: 964 daAuts
     D:1: 720 daAuts
     D:5: 9 daAuts
